 Dungeon Crawl Stone Soup version 0.27.1-33-g824d729ab1 (webtiles) character file.

Game seed: 14794327648555609904

188 pkoi the Ruffian (level 5, -1/41 HPs)
             Began as a Draconian Gladiator on Dec 7, 2021.
             Slain by an orc (4 damage)
             ... on level 3 of the Dungeon.
             The game lasted 00:03:37 (3069 turns).

pkoi the Ruffian (Draconian Gladiator)              Turns: 3069, Time: 00:03:38

Health: -1/41      AC:  5    Str: 22    XL:     5   Next: 39%
Magic:  5/5        EV: 12    Int:  9    God:
Gold:   124        SH:  0    Dex: 13    Spells: 4/4 levels left

rFire    . . .     SeeInvis .     - Unarmed
rCold    . . .     Faith    .   (no shield)
rNeg     . . .     Spirit   .   (armour unavailable)
rPois    .         Reflect  .   a - +0 hat
rElec    .         Harm     .   (no cloak)
rCorr    .         Rampage  .   (no gloves)
Will     .....                  (no boots)
Stlth    +.........             (no amulet)
HPRegen  0.13/turn              i - +6 ring of strength
MPRegen  0.09/turn              (no ring)

@: no status effects
A: AC +5, unfitting armour, cold-blooded
a: no special abilities


You were on level 3 of the Dungeon.
You visited 1 branch of the dungeon, and saw 3 of its levels.

You collected 124 gold pieces.

Inventory:

Hand Weapons
 j - a +4 dagger
Missiles
 b - 3 throwing nets (quivered)
 d - 9 poisoned darts
Armour
 a - a +0 hat (worn)
Jewellery
 i - a +6 ring of strength (left hand)
Wands
 h - a wand of acid (9)
Scrolls
 g - a scroll of fear {unknown}
Potions
 c - a potion of might {unknown}
 e - a potion of brilliance {unknown}
 f - a potion of heal wounds {unknown}


   Skills:
 - Level 2.1 Fighting
 - Level 1.7 Throwing
 - Level 2.6 Dodging
 + Level 6.2 Unarmed Combat


You had 4 spell levels left.
You didn't know any spells.
Your spell library was empty.

Dungeon Overview and Level Annotations

Branches:
Dungeon (3/15)

Altars:


Innate Abilities, Weirdness & Mutations

Your plain brown scales are hard. (AC +5)
You cannot fit into any form of body armour.
You are cold-blooded and may be slowed by cold attacks.


Message History

The orc completely misses you.
You miss something.
Your tail-slap misses something.
Something hits you.
* * * LOW HITPOINT WARNING * * *
The orc barely misses you.
You hit something. The orc hits you with a +0 dagger.
* * * LOW HITPOINT WARNING * * *
Something hits you.
* * * LOW HITPOINT WARNING * * *
The orc barely misses you.
You barely miss something. You tail-slap something.
Reactivating autopickup.
You feel a bit more experienced. The orc hits you but does no damage.
The orc barely misses you.
Unknown command.
The orc closely misses you. The orc hits you with a +0 short sword.
* * * LOW HITPOINT WARNING * * *
The orc barely misses you.
Things that are here:
a +0 dagger; a +0 robe Unknown command.
You hit the orc.
Your tail-slap misses the orc.
The orc is heavily wounded.
The orc hits you but does no damage. The orc hits you with a +0 short sword.
* * * LOW HITPOINT WARNING * * *
You barely miss the orc.
The orc is heavily wounded.
The orc hits you with a +0 hand axe.
* * * LOW HITPOINT WARNING * * *
The orc closely misses you.
You barely miss the orc.
The orc is heavily wounded.
The orc hits you but does no damage. The orc hits you with a +0 hand axe.
* * * LOW HITPOINT WARNING * * *
The orc hits you with a +0 dagger.
* * * LOW HITPOINT WARNING * * *
You barely miss the orc.
You tail-slap the orc, but do no damage.
The orc is heavily wounded.
The orc barely misses you. x2; The orc hits you with a +0 dagger.
You die...

## ##................
#.⌠ ##.................
###'##............).....
........................
#......................
#......................
#.........(............
#.....)................
#....o@o...............
#......o...............
........................
........................
...######...............
.#. .....############# #
.(....# ##.. ......#
#(.. ...... ####...


You could see 3 orcs.

Vanquished Creatures
  An iguana (D:3)
  An orc wizard (D:3)
  A gnoll (D:3)
  7 adders
  2 worms
  A dart slug (D:1)
  An orc (D:3)
  6 endoplasms
  2 giant cockroaches
  6 goblins
  8 hobgoblins
  A jackal (D:3)
  2 quokkas
  7 ball pythons
  6 bats
  3 frilled lizards
  3 kobolds
  2 rats
60 creatures vanquished.

Notes
Turn   | Place    | Note
-------+----------+-------------------------------------------
     0 | D:1      | pkoi the Draconian Gladiator began the quest for the Orb.
     0 | D:1      | Reached XP level 1. HP: 17/17 MP: 1/1
   247 | D:1      | Reached XP level 2. HP: 24/24 MP: 2/2
   294 | D:1      | Found a faded altar of an unknown god.
   598 | D:1      | Reached skill level 4 in Unarmed Combat
  1052 | D:2      | Reached XP level 3. HP: 25/29 MP: 3/3
  1661 | D:2      | Reached XP level 4. HP: 35/36 MP: 4/4
  1950 | D:3      | Reached skill level 5 in Unarmed Combat
  2638 | D:3      | Reached XP level 5. HP: 28/41 MP: 5/5
  2973 | D:3      | Reached skill level 6 in Unarmed Combat
  3069 | D:3      | Slain by an orc

Illustrated notes

Levels and vault maps discovered:
D:1:      evilmike_arrival_crescent, layout_rooms,
          dreamdust_ecumenical_altar_hidden_monk_grotto, roderic_serpentine_path
D:2:      layout_basic, hex_large
D:3:      minmay_bubble_buster, layout_basic, chequers_serial_rivers_micro_d,
          grunt_decor_arrowhead, kennysheep_generic_room_11

Skill      XL: |  1  2  3  4  5 |
---------------+----------------+-----
Unarmed Combat | 4 5 6 |  6.2
Fighting       | |  2.1
Throwing       | |  1.7
Dodging        | |  2.6

Action                   |  1- 3 |  4- 6 || total
-------------------------+-------+-------++-------
Melee: Unarmed           |   113 |   102 ||   215
       Tailslap          |     4 |    10 ||    14
       Punch             |     2 |     4 ||     6
Armor: Skin              |    32 |    32 ||    64
Dodge: Dodged            |    76 |    64 ||   140
